 Dungeon Crawl Stone Soup version 0.17-a0-1979-g1c74939 (webtiles) character file.

28 tp1 the Skirmisher (level 3, -3/36 HPs)
             Began as a Gargoyle Berserker on Oct 5, 2015.
             Was a Follower of Trog.
             Slain by a gnoll
             ... wielding a +0 spear
              (5 damage)
             ... on level 2 of the Dungeon.
             The game lasted 00:03:01 (985 turns).

tp1 the Skirmisher (Gargoyle Berserker)              Turns: 985, Time: 00:03:01

Health: -3/36      AC:  8    Str: 26    XL:     3   Next: 12%
Magic:  3/3        EV:  6    Int:  7    God:    Trog [*.....]
Gold:   113        SH:  0    Dex:  9    Spells: 0 memorised, 2 levels left

rFire  . . .     SeeInvis .     a - +0 hand axe
rCold  . . .     Clarity  .     m - +0 ring mail
rNeg   + . .     SustAt   .     (no shield)
rPois  ∞         Gourm    .     (no helmet)
rElec  +         Spirit   .     (no cloak)
rCorr  .         Warding  .     (no gloves)
rMut   .         Stasis   .     (no boots)
MR     .....                    (no amulet)
Stlth  ..........               (no ring)
                                (no ring)

@: berserking, held, very quick, not resistant to hostile enchantments,
extremely unstealthy
A: negative energy resistance 1, electricity resistance, unbreathing,
petrification resistance, rot immunity, AC +3
a: Burn Spellbooks, Berserk, Renounce Religion


You were on level 2 of the Dungeon.
You worshipped Trog.
Trog was aware of your devotion.
You were hungry.

You visited 1 branch of the dungeon, and saw 2 of its levels.

You collected 113 gold pieces.

Inventory:

Hand Weapons
 a - a +0 hand axe (weapon)
Armour
 b - a +0 animal skin
 m - a +0 ring mail (worn)
Scrolls
 d - a scroll of noise {unknown}
 e - a scroll of remove curse {unknown}
 g - a scroll of amnesia {unknown}
 i - a scroll of fear {unknown}
 k - a scroll of identify {unknown}
 n - a scroll of magic mapping {unknown}
Potions
 h - a potion of heal wounds {unknown}
 j - a potion of lignification {unknown}
 l - a potion of brilliance {unknown}
Comestibles
 c - a bread ration
 f - a royal jelly
 o - a chunk of flesh


   Skills:
 + Level 4.0 Fighting
 + Level 3.1 Axes
 * Level 2.4 Armour
 - Level 1.6 Dodging


You had 2 spell levels left.
You didn't know any spells.

Dungeon Overview and Level Annotations

Branches:
Dungeon (2/15)

Altars:


Innate Abilities, Weirdness & Mutations

You are resistant to torment.
Your stone body is resilient (AC +3).
You are immune to poison.
You resist negative energy.
You are resistant to electric shocks.
You can survive without breathing.
You are immune to petrification.
You are immune to rotting.


Message History

You closely miss the gnoll.
The gnoll is almost dead.
You hit the gnoll.
The gnoll is almost dead.
The gnoll hits you but does no damage.
You barely miss the gnoll.
The gnoll is almost dead.
You hit the gnoll.
You kill the gnoll!
Trog accepts your kill.
Your Fighting skill increases to level 4!
You have reached level 3!
Your experience leads to an increase in your attributes!
Your base attributes are Str 20, Int 7, Dex 9.
Increase (S)trength, (I)ntelligence, or (D)exterity?
You feel stronger.
The gnoll throws a throwing net.
The throwing net hits you.
You become entangled in the net!
You slice into the net. The gnoll hits you with a spear.
You die...

#### ###### #... ###
#..... +....+.#
########.####
#....#.#####.....(......
+.......................
#....#.####...........##
#### #g@# #.............
##.# #...........## #g.
##...#....)... ##.#
#..#<#.....## .#
#...#......## .#
#..........## .#
#.......##### .#
##.#.#### # #...# #


You could see 2 gnolls.

Vanquished Creatures
  A gnoll (D:2)
  2 bats (D:2)
  A giant cockroach (D:1)
  5 hobgoblins
  A giant newt (D:1)
  2 goblins (D:1)
  5 kobolds
  2 rats (D:1)
19 creatures vanquished.

Notes
Turn   | Place    | Note
--------------------------------------------------------------
     0 | D:1      | tp1 the Gargoyle Berserker began the quest for the Orb.
     0 | D:1      | Reached XP level 1. HP: 14/14 MP: 1/1
   249 | D:1      | Reached XP level 2. HP: 17/19 MP: 2/2
   653 | D:1      | You fall through a shaft!
   984 | D:2      | Reached skill level 4 in Fighting
   984 | D:2      | Reached XP level 3. HP: 2/24 MP: 3/3
   985 | D:2      | Slain by a gnoll

Vault maps used:
D:1:      dpeg_arrival_brainrot, minmay_misc_feat_doors, fountainhead
D:2:      st_stairs_14

Action                   || total
-------------------------++-------
Melee: Hand axe          ||    65
Invok: Berserk           ||     1
